 Dungeon Crawl Stone Soup version 0.30.1-9-gdf580d7c3d (webtiles) character file.

Game seed: 4208625575982280335

234 bearlyready the Cudgeller (level 6, -14/50 HPs)
             Began as a Gnoll Reaver on Oct 14, 2023.
             Was an Initiate of Cheibriados.
             Killed by divine providence
             ... invoked by an orc priest
              (15 damage)
             ... on level 4 of the Dungeon.
             The game lasted 00:04:29 (2638 turns).

bearlyready the Cudgeller (Gnoll Reaver)            Turns: 2638, Time: 00:04:30

Health: -14/50     AC:  6    Str: 12    XL:     6   Next: 5%
Magic:  14/14      EV: 13    Int: 15    God:    Cheibriados [......]
Gold:   160        SH:  4    Dex: 12    Spells: 10/15 levels left

rFire   . . .        m - +0 whip of the Three Teeth {drain, SInv}
rCold   . . .        (no shield)
rNeg    . . .        g - +1 leather armour
rPois   .            (no helmet)
rElec   .            (no cloak)
rCorr   .            (no gloves)
SInv    +            (no boots)
Will    .....        (no amulet)
Stlth   ++           d - ring of wizardry
HPRegen 0.28/turn    (no ring)
MPRegen 0.14/turn

%: wizardry (x1)
@: hasted, very quick
A: fangs 1, strong nose, distributed training, iridescent scales 1, large bone
plates 1, MP-powered wands
a: Renounce Religion


You were on level 4 of the Dungeon.
You worshipped Cheibriados.
Cheibriados was noncommittal.
You visited 1 branch of the dungeon, and saw 4 of its levels.

You collected 160 gold pieces.

Inventory:

Hand Weapons
 a - a +0 mace
 b - a +0 sling
 m - the +0 whip of the Three Teeth (weapon) {drain, SInv}
   (You found it on level 2 of the Dungeon)

   SInv:      It lets you see invisible.
Missiles
 h - a boomerang
 n - 5 boomerangs of dispersal
 p - 2 poisoned darts
Armour
 g - a +1 leather armour (worn)
Jewellery
 d - a ring of wizardry (left hand)
Scrolls
 e - a scroll of teleportation
 k - 2 scrolls of acquirement
 q - 2 scrolls of amnesia
Potions
 c - a potion of flight
 r - a potion of experience {unknown}


   Skills:
 + Level 4.9 Fighting
 + Level 1.8 Short Blades
 + Level 1.8 Long Blades
 + Level 1.8 Axes
 + Level 6.8 Maces & Flails
 + Level 1.8 Polearms
 + Level 1.8 Staves
 + Level 1.8 Ranged Weapons
 + Level 1.8 Throwing
 + Level 1.8 Armour
 + Level 4.9 Dodging
 + Level 1.8 Stealth
 + Level 1.8 Shields
 + Level 1.8 Unarmed Combat
 + Level 5.3 Spellcasting
 + Level 5.6 Conjurations
 + Level 1.4 Hexes
 + Level 1.4 Summonings
 + Level 1.4 Necromancy
 + Level 1.4 Translocations
 + Level 1.4 Transmutations
 + Level 1.4 Fire Magic
 + Level 1.4 Ice Magic
 + Level 1.4 Air Magic
 + Level 1.4 Earth Magic
 + Level 1.4 Poison Magic
 + Level 2.0 Invocations
 + Level 1.8 Evocations


You had 10 spell levels left.
You knew the following spells:

 Your Spells              Type           Power      Damage    Failure   Level
a - Kiss of Death         Conj/Necr      56%        2d9       1%          1
b - Momentum Strike       Conj/Tloc      28%        3d8       2%          2
c - Wereblood             Tmut           8%         N/A       7%          2

Your spell library contained the following spells:

 Spells                   Type           Power      Damage    Failure   Level
 Apportation              Tloc           16%        N/A       4%          1
 Beastly Appendage        Tmut           16%        N/A       4%          1
 Necrotise                Necr           32%        1d5       4%          1
 Sting                    Tmut/Pois      32%        1d4       4%          1
 Summon Small Mammal      Summ           32%        N/A       4%          1
 Hailstorm                Conj/Ice       14%        3d5       6%          3
 Poisonous Vapours        Pois/Air       16%        N/A       7%          2
 Spider Form              Tmut/Pois      8%         N/A       13%         3
 Vampiric Draining        Necr           8%         2d6       13%         3
 Olgreb's Toxic Radiance  Pois           8%         N/A       38%         4
 Agony                    Necr           8%         N/A       73%         5


Dungeon Overview and Level Annotations

Branches:
Dungeon (4/15)
 Temple: D:4-7

Altars:
Cheibriados
Kikubaaqudgha
Okawaru


Innate Abilities, Weirdness & Mutations

You have very sharp teeth.
Your uncanny sense of smell can sniff out nearby items.
Your experience applies equally to all skills.
You are partially covered in iridescent scales. (AC +2)
You are partially covered in large bone plates. (SH +4)
You expend magic power (3 MP) to strengthen your wands.


Message History

Iridescent scales grow over part of your body.
You feel sick. You block the orc's attack.
The orc priest invokes the aid of Beogh against you.
Beogh smites you!
* * * LOW HITPOINT WARNING * * *
The orc wizard hits you with a +1 dagger of venom.
* * * LOW HITPOINT WARNING * * *
You are more poisoned.
It was a potion of heal wounds.
You feel much better.
You feel very sick. The orc barely misses you. The orc closely misses you.
You block the orc's attack. The orc wizard barely misses you.
You hit the orc wizard. Your bite misses the orc wizard.
The orc wizard is moderately wounded.
You feel sick.
You hit the orc wizard.
The orc wizard is heavily wounded.
You feel sick. The orc hits you with a +0 mace.
* * * LOW HITPOINT WARNING * * *
The orc misses you.
The orc wizard hits you but does no damage.
You are lethally poisoned!
The orc hits you with a +0 hand axe.
* * * LOW HITPOINT WARNING * * *
It was a potion of curing.
You feel better. The orc barely misses you. x2
The orc closely misses you.
The orc priest calls down the wrath of Beogh upon you.
Beogh smites you!
* * * LOW HITPOINT WARNING * * *
The orc wizard hits you but does no damage.
The orc priest begins to cast a cantrip, but forgets the words!
It was a potion of haste.
You feel yourself speed up.
Cheibriados forgives your accidental hurry, just this once.
You block the orc wizard's attack. The orc hits you with a +0 whip.
* * * LOW HITPOINT WARNING * * *
The orc hits you but does no damage. The orc hits you with a +0 hand axe.
* * * LOW HITPOINT WARNING * * *
The orc priest mumbles some strange prayers to Beogh against you.
Beogh smites you!
You die...

#....#..............
#..#.#.............. #..
....#.##........... #..
...#.............. #...
..#.........#.... .....
#.###......#.....
.....#####.#........##....
........oo................
.......oo@###........#....
........o##........[.##...
................##...##...
........o........##.......
..........................
.##.###..........#........
#. #..........#........ .
##.................. .
..##...............


You could see 2 orc priests, an orc wizard and 3 orcs.

Vanquished Creatures
  A hound (D:4)
  A jelly (D:4)
  6 adders
  2 worms (D:2)
  10 dart slugs
  5 orcs
  4 ball pythons
  5 bats (D:1)
  4 endoplasms
  6 giant cockroaches
  10 hobgoblins
  3 jackals
  5 quokkas
  3 frilled lizards (D:2)
  13 goblins
  4 kobolds
  8 rats
90 creatures vanquished.

Notes
Turn   | Place    | Note
-------+----------+-------------------------------------------
     0 | D:1      | bearlyready the Gnoll Reaver began the quest for the Orb.
     0 | D:1      | Reached XP level 1. HP: 20/20 MP: 6/6
   222 | D:1      | Reached XP level 2. HP: 26/26 MP: 7/7
   444 | D:1      | Reached skill level 5 in Spellcasting
   444 | D:1      | Reached XP level 3. HP: 29/31 MP: 7/9
   844 | D:2      | Reached skill level 1 in Invocations
   991 | D:2      | Reached skill level 1 in Short Blades
   991 | D:2      | Reached skill level 1 in Long Blades
   991 | D:2      | Reached skill level 1 in Axes
   991 | D:2      | Reached skill level 1 in Polearms
   991 | D:2      | Reached skill level 1 in Staves
   991 | D:2      | Reached skill level 1 in Ranged Weapons
   991 | D:2      | Reached skill level 1 in Throwing
   991 | D:2      | Reached skill level 1 in Armour
   991 | D:2      | Reached skill level 1 in Stealth
   991 | D:2      | Reached skill level 1 in Shields
   991 | D:2      | Reached skill level 1 in Unarmed Combat
   991 | D:2      | Reached skill level 1 in Evocations
  1087 | D:2      | Identified the +0 whip of the Three Teeth {drain, SInv}
  1104 | D:2      | Reached XP level 4. HP: 38/38 MP: 11/11
  1290 | D:2      | Reached skill level 1 in Hexes
  1290 | D:2      | Reached skill level 1 in Summonings
  1290 | D:2      | Reached skill level 1 in Necromancy
  1290 | D:2      | Reached skill level 1 in Translocations
  1290 | D:2      | Reached skill level 1 in Transmutations
  1290 | D:2      | Reached skill level 1 in Fire Magic
  1290 | D:2      | Reached skill level 1 in Ice Magic
  1290 | D:2      | Reached skill level 1 in Air Magic
  1290 | D:2      | Reached skill level 1 in Earth Magic
  1290 | D:2      | Reached skill level 1 in Poison Magic
  1820 | D:3      | Reached XP level 5. HP: 32/43 MP: 12/12
  1905 | D:2      | Learned a level 2 spell: Momentum Strike
  1908 | D:2      | Learned a level 2 spell: Wereblood
  2044 | D:3      | Found an iron altar of Okawaru.
  2238 | D:3      | Found a snail-covered altar of Cheibriados.
  2359 | D:3      | Identified 2 scrolls of acquirement
  2365 | D:3      | Became a worshipper of Cheibriados the Contemplative
  2368 | D:4      | Found an ancient bone altar of Kikubaaqudgha.
  2610 | D:4      | Reached XP level 6. HP: 47/50 MP: 14/14
  2633 | D:4      | Gained mutation: You expend magic power (3 MP) to
                  | strengthen your wands. [potion of mutation]
  2633 | D:4      | Gained mutation: You are partially covered in large bone
                  | plates. (SH +4) [potion of mutation]
  2633 | D:4      | Gained mutation: You are partially covered in iridescent
                  | scales. (AC +2) [potion of mutation]
  2633 | D:4      | HP: 2/50 [orc priest/divine providence (10)]
  2638 | D:4      | HP: 1/50 [orc/+0 hand axe (2)]
  2638 | D:4      | Killed from afar by an orc priest

Illustrated notes

Levels and vault maps discovered:
D:1:      matt_arrival_diagonals, layout_loops_ring, minmay_tromino_i4
D:2:      layout_basic, minmay_tripent
D:3:      kennysheep_slugbush, layout_rooms, general_overflow_altar,
          lemuel_doored_altar
D:4:      layout_cave_pools, grunt_temple_overflow_order_and_chaos_2, tso_altar,
          kiku_gazebo_garden_becter, nicolae_ossuary_entry_catacombs,
          serial_shops, shop, minmay_misc_feat_rugged

Skill      XL: |  1  2  3  4  5 |
---------------+----------------+-----
Spellcasting   | 5 |  5.3
Invocations    | 1 2 |  2.0
Short Blades   | 1 |  1.8
Long Blades    | 1 |  1.8
Axes           | 1 |  1.8
Polearms       | 1 |  1.8
Staves         | 1 |  1.8
Ranged Weapons | 1 |  1.8
Throwing       | 1 |  1.8
Armour         | 1 |  1.8
Stealth        | 1 |  1.8
Shields        | 1 |  1.8
Unarmed Combat | 1 |  1.8
Evocations     | 1 |  1.8
Hexes          | 1 |  1.4
Summonings     | 1 |  1.4
Necromancy     | 1 |  1.4
Translocations | 1 |  1.4
Transmutations | 1 |  1.4
Fire Magic     | 1 |  1.4
Ice Magic      | 1 |  1.4
Air Magic      | 1 |  1.4
Earth Magic    | 1 |  1.4
Poison Magic   | 1 |  1.4
Fighting       | |  4.9
Maces & Flails | |  6.8
Dodging        | |  4.9
Conjurations   | |  5.6

Action                     |  1- 3 |  4- 6 || total
---------------------------+-------+-------++-------
  Melee: Mace              |   111 |       ||   111
         Bite              |     4 |    17 ||    21
         Whip              |    11 |   176 ||   187
         Punch             |       |     7 ||     7
    Use: Scroll            |       |     5 ||     5
         Potion            |       |     5 ||     5
   Stab: Sleeping          |       |     1 ||     1
 Armour: Leather armour    |    42 |    33 ||    75
  Dodge: Dodged            |    81 |   128 ||   209
  Block: Other             |       |     3 ||     3
